 Dungeon Crawl Stone Soup version 0.24-a0-235-g3f03afc (webtiles) character file.

Game seed: 3484092936238178165

96 Ijustatesigmund the Chopper (level 4, 0/33 HPs)
             Began as an Octopode Fighter on Apr 5, 2019.
             Slain by a gnoll
             ... wielding a cursed -2 halberd
              (5 damage)
             ... on level 3 of the Dungeon.
             The game lasted 00:02:31 (1311 turns).

Ijustatesigmund the Chopper (Octopode Fighter)      Turns: 1311, Time: 00:02:34

Health: 0/33       AC:  1    Str: 20    XL:     4   Next: 67%
Magic:  4/4        EV: 11    Int: 10    God:
Gold:   96         SH:  9    Dex: 12    Spells: 3/3 levels left

rFire    . . .     SeeInvis .   a - +1 war axe
rCold    . . .     Gourm    .   b - +0 shield
rNeg     . . .     Faith    .   (helmet restricted)
rPois    .         Spirit   .   (no amulet)
rElec    .         Reflect  .   h - ring of attention (curse)
rCorr    .         Harm     .   (no ring)
MR       .....                  (no ring)
Stlth    +.........             (no ring)
HPRegen  0.11/turn              (no ring)
MPRegen  0.09/turn              (no ring)
                                (no ring)
                                (no ring)

@: mighty
A: almost no armour, stealthy swim, amphibious, 8 rings, constrict 8, camouflage
1, gelatinous body 1
a: no special abilities


You were on level 3 of the Dungeon.
You were not hungry.

You visited 1 branch of the dungeon, and saw 3 of its levels.

You collected 96 gold pieces.

Inventory:

Hand Weapons
 a - a +1 war axe (weapon)
Armour
 b - a +0 shield (worn)
Jewellery
 h - a cursed ring of attention (left tentacle)
Scrolls
 f - a scroll of fog {unknown}
Potions
 e - a potion of curing
Comestibles
 d - 3 rations


   Skills:
 + Level 3.8 Fighting
 * Level 4.0 Axes
 - Level 3.0 Dodging
 - Level 3.0 Shields


You had 3 spell levels left.
You didn't know any spells.
Your spell library was empty.

Dungeon Overview and Level Annotations

Branches:
Dungeon (3/15)

Altars:
Gozag
Kikubaaqudgha
Okawaru
Sif Muna

Annotations:
D:2 Natasha


Innate Abilities, Weirdness & Mutations

You cannot wear most types of armour.
You are very stealthy in the water. (Stealth+)
You are amphibious.
You can wear up to eight rings at the same time.
You can use your tentacles to constrict eight enemies at once.
Your skin changes colour to match your surroundings (Stealth+).
Your rubbery body absorbs attacks. (AC +1, EV +1)


Message History

You slash the orc!
You kill the orc!
You slash the gnoll!
You kill the gnoll!
Your Axes skill increases to level 4!
You slash the giant cockroach!
You kill the giant cockroach!
You closely miss the orc. Your grab misses the orc. You squeeze the orc.
The orc is moderately wounded.
The orc hits you with a +0 mace.
You slash the orc!
You kill the orc!
You climb downwards.
The bat barely misses you. The gnoll hits you with a +0 whip.
* * * LOW HITPOINT WARNING * * *
The bat hits you but does no damage. The quokka bites you.
* * * LOW HITPOINT WARNING * * *
The hobgoblin barely misses you.
The gnoll hits you from afar with a cursed -2 halberd.
You die...

...............
................
.......<.......# .
................ .#
................ ..
...............###.#
#............g.....#
##...........gg...#
######.......@...#
#.......br..#
...............
.............#.
#...........>..
..S............
.........$.....
...............


You could see 2 gnolls, an adder (sleeping), a quokka, a hobgoblin and a bat.

Vanquished Creatures
  Natasha (D:2)
  A worker ant (D:2)
  A gnoll (D:2)
  An adder (D:2)
  2 dart slugs (D:1)
  A leopard gecko (D:2)
  3 orcs (D:2)
  2 giant cockroaches
  3 goblins
  A hobgoblin (D:1)
  2 kobolds (D:1)
  3 bats (D:1)
  A frilled lizard (D:1)
  3 rats (D:2)
25 creatures vanquished.

Notes
Turn   | Place    | Note
-------+----------+-------------------------------------------
     0 | D:1      | Ijustatesigmund the Octopode Fighter began the quest for
                  | the Orb.
     0 | D:1      | Reached XP level 1. HP: 16/16 MP: 1/1
   151 | D:1      | Reached XP level 2. HP: 10/21 MP: 2/2
   892 | D:2      | Reached skill level 3 in Axes
   892 | D:2      | Reached XP level 3. HP: 26/26 MP: 3/3
  1127 | D:2      | Noticed Natasha
  1133 | D:2      | Killed Natasha
  1133 | D:2      | Reached XP level 4. HP: 9/33 MP: 4/4
  1147 | D:2      | Noticed Natasha
  1155 | D:2      | Found an ancient bone altar of Kikubaaqudgha.
  1155 | D:2      | Found an opulent altar of Gozag.
  1155 | D:2      | Found an iron altar of Okawaru.
  1155 | D:2      | Found a deep blue altar of Sif Muna.
  1307 | D:2      | Reached skill level 4 in Axes
  1311 | D:3      | Slain by a gnoll

Levels and vault maps discovered:
D:1:      lightli_arrival_windingriver, layout_basic
D:2:      cheibrodos_old_hovel, layout_rooms, nicolae_overflow_hidden_temple,
          tso_metal_star, uniq_natasha
D:3:      layout_rooms, first_ration, yredelemnul_altar_generic

Skill      XL: |  1  2  3  4 |
---------------+-------------+-----
Axes           | 3 4 |  4.0
Fighting       | |  3.8
Dodging        | |  3.0
Shields        | |  3.0

Action                   |  1- 3 |  4- 6 || total
-------------------------+-------+-------++-------
Melee: War axe           |    34 |     4 ||    38
       Constrict         |    11 |       ||    11
       Tentacles         |     7 |     1 ||     8
  Use: Scroll            |     1 |     3 ||     4
       Potion            |       |     3 ||     3
  Eat: Chunk             |     1 |       ||     1
Armor: Skin              |     3 |     2 ||     5
Dodge: Dodged            |    18 |    15 ||    33
Block: Shield            |    11 |     9 ||    20

Table legend:
 A = Non-vault XP
 B = Vault XP
 C = Vault XP percentage of total XP
 D = Non-vault monster count
 E = Vault monster count
 F = Vault count percentage of total count
                 A         B        C        D         E       F
            +---------+---------+-------+---------+---------+-------
      Total |     102 |      36 |  26.1 |      24 |       1 |   4.0
            +---------+---------+-------+---------+---------+-------
        D:1 |      25 |       0 |   0.0 |      12 |       0 |   0.0
        D:2 |      77 |      36 |  31.9 |      12 |       1 |   7.7
            +---------+---------+-------+---------+---------+-------
